Cogmind - Beta 13 @@@ ROGUE MODE // 2024.05.04 @ 18:15:52 Player: Compound1080 Result: Destroyed by S-10 Pest with Light Assault Rifle Performance ------------- Evolutions (1) 500 Regions Visited (2) 400 Robots Destroyed (25) 125 Value Destroyed (905) 905 Prototype IDs (0) 0 Alien Tech Used (0) 0 Bonus (0) 0 TOTAL SCORE: 1930 Bonus ------- None Cogmind --------- Core Integrity 0/400 Matter 242/300 Energy 100/100 System Corruption 0% Temperature Cool (0) Movement Core (200) Ox3 Location -9/Materials Parts ------- > --- POWER (1) -------- (None) > --- PROPULSION (2) --- (None) > --- UTILITY (4) ------ Medium Storage Unit Signal Interpreter Terrain Scan Processor > --- WEAPON (2) ------- (None) > --- INVENTORY (10) --- Wheel Improved Hover Unit Small Storage Unit Visual Processing Unit Peak State ------------ > --- POWER ------------ Light Ion Engine > --- PROPULSION ------- Wheel Wheel > --- UTILITY ---------- Medium Storage Unit Signal Interpreter Terrain Scan Processor Hardened Medium Armor Plating > --- WEAPON ----------- Assault Rifle Shotgun > --- INVENTORY -------- Aluminum Leg Aluminum Leg Aluminum Leg Aluminum Leg Small Storage Unit Small Laser Grenade Launcher [Rating: 13] Favorites ----------- Power Light Ion Engine Engine Light Ion Engine Propulsion Aluminum Leg Leg Aluminum Leg Wheel Wheel Utility Medium Storage Unit Storage Medium Storage Unit Processor Terrain Scan Processor Protection Hardened Medium Armor Plating Weapon Assault Rifle Energy Gun Small Laser Ballistic Gun Assault Rifle Launcher Grenade Launcher Build | -11 -10 -9 ------- Run | Yrd Mat Mat Slots Evolved 2 | . . 2 Power . | . . . Propulsion . | . . . Utility 2 | . . 2 Weapon . | . . . Parts Attached 22 | 5 5 12 Power 2 | 1 . 1 Engine 2 | 1 . 1 Core . | . . . Reactor . | . . . Propulsion 8 | 2 2 4 Treads . | . . . Leg 6 | 2 2 2 Wheel 2 | . . 2 Hover . | . . . Flight . | . . . Utility 5 | 1 2 2 Device . | . . . Storage 2 | 1 1 . Processor 2 | . 1 1 Hackware . | . . . Protection 1 | . . 1 Artifact . | . . . Weapon 7 | 1 1 5 Energy Gun 1 | . . 1 Energy Cannon . | . . . Ballistic Gun 5 | 1 1 3 Ballistic Cannon . | . . . Launcher 1 | . . 1 Special Weapon . | . . . Impact Weapon . | . . . Slashing Weapon . | . . . Piercing Weapon . | . . . Special Melee Weapon . | . . . Unidentified Prototypes . | . . . Parts Lost 13 | . 1 12 Power 2 | . . 2 Propulsion 4 | . 1 3 Utility 1 | . . 1 Weapon 6 | . . 6 Highest Loss Streak 4 | . 1 4 To Critical Strikes . | . . . Average Slot Usage (%) 85 | . 84 86 Engine 8 | . 14 5 Leg 18 | . 27 13 Wheel 3 | . . 6 Storage 12 | . 14 11 Processor 14 | . 3 22 Protection 5 | . . 8 Ballistic Gun 21 | . 23 19 Naked Turns . | . . . Heaviest Build 26 | 10 16 26 Greatest Support 20 | 20 20 20 Greatest Overweight (x) 3 | . 1 3 Average Overweight (x) . | . . 1 Largest Inventory Capacity 10 | 8 10 10 Average Capacity 9 | 6 9 10 Most Carried 9 | 5 9 9 Average Carried 6 | 3 6 6 Final Capacity 10 | 8 10 10 Final Carried 9 | 4 9 4 Class Distribution -------------------- 100% | Mutant Dominant Class ---------------- Mutant | -10/Materials Mutant | -9/Materials Resources | -11 -10 -9 ----------- Run | Yrd Mat Mat Matter Collected 778 | 224 248 306 Remotely . | . . . Salvage Created 945 | . 422 523 Parts 61 | . 28 33 Haulers Intercepted . | . . . Recyclers Shooed 1 | . 1 . Parts Field Recycled . | . . . Retrieved Matter . | . . . Parts Self-Destructed . | . . . Prevented . | . . . Kills | -11 -10 -9 ------- Run | Yrd Mat Mat Combat Hostiles Destroyed 22 | . 9 13 Guns 18 | . 9 9 AOE 4 | . . 4 Classes Destroyed 5 | . 3 2 Builder 1 | . 1 . Operator 1 | . . 1 Watcher 1 | . 1 . Grunt 17 | . 9 8 Sentry 5 | . . 5 Best Kill Streak 4 | . 4 4 Combat Bots Only 4 | . 2 4 Max Kills in Single Turn 2 | . 1 2 Gunslinging . | . . . Exploded 2 | . . 2 Melee . | . . . Uniques/NPCs Destroyed . | . . . Combat | -11 -10 -9 -------- Run | Yrd Mat Mat Hostile Shots Fired 217 | . 53 164 Missed 58 | . 11 47 Damage Taken 2032 | . 568 1464 Core 517 | . 113 404 Absorbed by Shields . | . . . Core Remaining (%) 77 | 100 54 . Volleys Fired 101 | . 48 53 Largest 2 | . 2 2 Hottest 60 | . 40 60 Shots Fired 187 | . 96 91 Gun 182 | . 96 86 Cannon . | . . . Launcher 5 | . . 5 Special . | . . . Kinetic 172 | . 96 76 Thermal 10 | . . 10 Explosive 5 | . . 5 Electromagnetic . | . . . Robot Hit Streak 21 | . 21 13 Robot Miss Streak 6 | . 4 6 Penetration Max . | . . . Secondary Targets 2 | . 1 1 Max Gunslinging Chain 1 | . 1 1 Shots Hit Robots 137 | . 67 70 Core Hits 61 | . 26 35 Critical Kills . | . . . Critical Parts Destroyed 1 | . . 1 Critical Strikes 1 | . . 1 Destroy 1 | . . 1 Melee Attacks . | . . . Impact . | . . . Slashing . | . . . Piercing . | . . . Sneak Attacks . | . . . Combat Hostiles . | . . . Follow-up Attacks . | . . . Damage Inflicted 1858 | . 701 1157 Guns 1589 | . 701 888 Cannons . | . . . Explosions 263 | . . 263 Melee . | . . . Ramming 6 | . . 6 Kinetic 1502 | . 701 801 Thermal 87 | . . 87 Explosive 263 | . . 263 Electromagnetic . | . . . Impact . | . . . Slashing . | . . . Piercing . | . . . Highest Corruption . | . . . Average Corruption . | . . . Corruption Purged . | . . . Corruption Blocked . | . . . Overload Shots . | . . . Overflow Damage . | . . . Projectiles . | . . . Explosions . | . . . Melee . | . . . Knockbacks . | . . . Impact . | . . . Kinetic . | . . . Secondary . | . . . Self-Inflicted Damage . | . . . Shots . | . . . Rammed . | . . . Targets Rammed 1 | . . 1 Kicked 1 | . . 1 Crushed . | . . . Highest Temperature 23 | . 18 23 Average Temperature 7 | . 7 6 Received Heat Transfer 894 | . 315 579 Siege Activations . | . . . Robots Corrupted . | . . . Combat Hostiles . | . . . Parts Fried . | . . . Impact Corruptions . | . . . Robots Melted . | . . . Combat Hostiles . | . . . Parts Melted . | . . . Heat Transferred 200 | . . 200 Parts Sabotaged . | . . . Parts Stolen . | . . . Parts Stripped . | . . . Power Chain Reactions . | . . . Alert | -11 -10 -9 ------- Run | Yrd Mat Mat Peak Influence 251 | . 220 251 Initial 36 | . . 36 Average 91 | . 73 110 Maximum Alert Level 1 | . 1 1 Low Security (%) 95 | 100 89 98 Level 1 4 | . 10 1 Level 2 . | . . . Level 3 . | . . . Level 4 . | . . . Level 5 . | . . . High Security . | . . . Max Security . | . . . Squads Dispatched 1 | . . 1 Investigation . | . . . Extermination . | . . . Reinforcement 1 | . . 1 Assault . | . . . Garrison . | . . . Intercept . | . . . Searches Triggered . | . . . Construction Impeded . | . . . Haulers Reinforced . | . . . Active Scanning Responses . | . . . Cargo Convoy Interrupts . | . . . Stealth | -11 -10 -9 --------- Run | Yrd Mat Mat Distress Signals 2 | . . 2 Communications Jammed . | . . . Distress Signals . | . . . Times Spotted 40 | . 14 26 Peak Tracking Total 12 | . 3 12 Tactical Retreats 2 | . 1 1 Traps | -11 -10 -9 ------- Run | Yrd Mat Mat Traps Triggered 2 | . . 2 Indirectly . | . . . Trap Hack Attempts . | . . . Triggered . | . . . Disarmed . | . . . Reprogrammed . | . . . Reused . | . . . Traps Extracted . | . . . Installed . | . . . Triggered . | . . . Machines | -11 -10 -9 ---------- Run | Yrd Mat Mat Machines Disabled . | . . . Max in Single Turn . | . . . Machines Repaired . | . . . Machines Dismantled . | . . . Machines Sabotaged . | . . . Overloaded Fab Kills . | . . . Hacking | -11 -10 -9 --------- Run | Yrd Mat Mat Machines Accessed 2 | . 1 1 Terminals 2 | . 1 1 Fabricators . | . . . Repair Stations . | . . . Recycling Units . | . . . Scanalyzers . | . . . Garrison Access . | . . . Total Hacks 5 | . 3 2 Successful 3 | . 2 1 Failed 2 | . 1 1 Catastrophic 1 | . . 1 Database Lockouts . | . . . Manual . | . . . Terminals 5 | . 3 2 Fabricators . | . . . Repair Stations . | . . . Recycling Units . | . . . Scanalyzers . | . . . Garrison Access . | . . . Terminal Hacks 3 | . 2 1 Record 2 | . 2 . Robot Analysis 1 | . . 1 Fabricator Hacks . | . . . Repair Station Hacks . | . . . Recycling Unit Hacks . | . . . Scanalyzer . | . . . Garrison Access Hacks . | . . . Unauthorized Hacks . | . . . Terminals . | . . . Fabricators . | . . . Repair Stations . | . . . Recycling Units . | . . . Scanalyzers . | . . . Garrison Access . | . . . Data Cores Recovered . | . . . Used . | . . . Hacking Detections 2 | . 1 1 Full Trace Events . | . . . Feedback Events . | . . . Feedback Blocked . | . . . Robot Schematics Acquired . | . . . Robots Built . | . . . Authchips . | . . . Time . | . . . Total Robot Build Rating . | . . . Part Schematics Acquired . | . . . Parts Built . | . . . Authchips . | . . . Time . | . . . Total Part Build Rating . | . . . Parts Repaired . | . . . Time . | . . . Parts Recycled . | . . . Recycled Matter . | . . . Retrieved Matter . | . . . Retrieved Components . | . . . Parts Scanalyzed . | . . . Part Schematics Acquired . | . . . Parts Damaged . | . . . Bothacking | -11 -10 -9 ------------ Run | Yrd Mat Mat Used RIF Installer . | . . . Robots Hacked . | . . . Non-combat . | . . . Combat . | . . . Robot Hacks Applied . | . . . Relay Couplers Released . | . . . Fabnet Peak Effective % . | . . . Robots Rewired . | . . . Allies Hacked . | . . . Hacks Repelled . | . . . Allies | -11 -10 -9 -------- Run | Yrd Mat Mat Total Allies . | . . . Largest Group . | . . . Highest-Rated Group . | . . . Highest-Rated Ally . | . . . Total Orders . | . . . Ally Attacks . | . . . Total Damage . | . . . Kills . | . . . Allies Corrupted . | . . . Allies Melted . | . . . Intel | -11 -10 -9 ------- Run | Yrd Mat Mat Robot Analysis Total 1 | . . 1 Derelict Logs Recovered . | . . . Drone Launches . | . . . Drone Recoveries . | . . . Exploration | -11 -10 -9 ------------- Run | Yrd Mat Mat Turns Passed 1514 | 63 580 871 Spaces Moved 887 | 47 321 519 Core 20 | 12 . 8 Treads . | . . . Legs 598 | 35 321 242 Wheels 269 | . . 269 Hover . | . . . Flight . | . . . Fastest Speed 50 | 50 120 95 Average Speed 127 | 102 120 134 Slowest Speed 260 | 120 190 260 Overloaded Moves . | . . . Propulsion Burnouts . | . . . Robots Hopped . | . . . Cave-ins Triggered . | . . . Exploration Rate (%) 30 | 4 40 48 Regions Visited 2 Branch Regions . Pre-discovered Areas . | . . . Known Exits Taken . | . . . Unknown Exits Taken 2 | 1 1 . Scrap Searched . | . . . Spaces Dug . | . . . Terrain Destroyed 23 | . . 23 Melee . | . . . Projectile . | . . . AOE 23 | . . 23 Terrain Rammed . | . . . Walls Destroyed . | . . . Machines Disabled . | . . . Actions | -11 -10 -9 --------- Run | Yrd Mat Mat Total 1090 | 62 427 601 Wait 55 | . 46 9 Move 885 | 46 320 519 Hop . | . . . Pick Up 23 | 10 8 5 Fast Attach . | . . . Attach 16 | 5 3 8 Detach . | . . . Swap 6 | . 2 4 Drop 3 | 1 . 2 Fire 101 | . 48 53 Melee . | . . . Ram . | . . . Kick 1 | . . 1 Crush . | . . . Escape Stasis . | . . . Rewire . | . . . Trap . | . . . Miscellaneous . | . . . Route ------- -11/Scrapyard -10/Materials -9/Materials (discovered 1 exit: *Sto) History --------- Turn | Location | Event 5 | -11/Scrapyard | Discovered new exit (range 15) 64 | -11/Scrapyard | Entered Materials 310 | -10/Materials | Build established: Mutant 492 | -10/Materials | Discovered new exit (range 5) 644 | -10/Materials | Entered another Materials area 644 | -9/Materials | Evolved 2 slots: Utility x2 843 | -9/Materials | Discovered new exit (range 16) 859 | -9/Materials | Identified exit to Storage 1438 | -9/Materials | Core integrity fell below 50% 1468 | -9/Materials | Lost 3 parts (1n1u1w) 1501 | -9/Materials | Core integrity fell below 20% 1515 | -9/Materials | Destroyed by S-10 Pest with Light Assault Rifle Last Messages --------------- 01447_ W-16 Scout sends out distress signal. 01447_ U-05 Engineer builds a Wall. 01452_ U-05 Engineer lays Concrete. 01452_ K-01 Serf collects debris. 01453_ U-05 Engineer lays Concrete. 01454_ U-05 Engineer builds a Wall. 01455_ K-01 Serf collects debris. 01467_ W-16 Scout sends out distress signal. 01471_ Grenade Launcher destroyed. 01472_ S-10 Pest destroyed. 01473_ Aluminum Leg destroyed. 01489_ G-34 Mercenary destroyed. 01489_ Switching to secondary target: S-10 Pest. 01490_ Acquired 48 matter. 01496_ Assault Rifle destroyed. 01504_ R-06 Scavenger collects Sml. Laser. 01508_ Sml. Laser destroyed. 01510_ G-34 Mercenary heat short circuits Heat Sink. 01512_ G-34 Mercenary destroyed. Map ----- +----------------------------------------------------+ | ????????? # #? / #??????????????????? | | ########## ## ## # !!! #??????????????????? | | # !! #??????????????????? | | + !! #??????????????????? | | % # #??????????????????? | | ?????##### # #### """ #??????????????????? | | ?????????# # #????""" #??????????????????? | | ?????????# # #???????""" #??????????????????? | | ?????????# ###???????? #??????????????????? | | ?????????# #??????????###??#???????????????????? | | #+######## #??? ?#????????????????????????????? | | #??? #????????????????????????????? | | #???"" #????????????????????????????? | | ########## # ?""" #????????????????????????????? | | ?????????# # """ ?????????????????????????????? | | ?????????# # ???????????????#??????????????? | | ?????????# ###+######+####### #??????????????? | | ?????????# %* #??????????????? | | ?????????# #??????????????? | | ?????????# #??????????????? | | ?????????+ ##########+#######??????????????????? | | ?????????# #??????# ########??????????????? | | ?????????# #??????# [#! """ ??????????????? | | ?????????# #??????# """ss/="""""???????????????? | | ?????????# #???"" # """ =#*"""""???????????????? | | ?????????# #??g g g """@ #??""""???????????????? | | ?????????# #???"" # #????"????????????????? | | ?????????+ ???????########?????????????????????? | | ?????????# ????????????????????????????????????? | | ?????????# ????????????????????????????????????? | | ?????????# ????????????????????????????????????? | | ?????????# ????????????????????????????????????? | | ?????????????????????????????????????????????????? | | ?????????????????????????????????????????????????? | | ?????????????????????????????????????????????????? | | ?????????????????????????????????????????????????? | | ?????????????????????????????????????????????????? | | ?????????????????????????????????????????????????? | | ?????????????????????????????????????????????????? | | ?????????????????????????????????????????????????? | | ?????????????????????????????????????????????????? | | ?????????????????????????????????????????????????? | | ?????????????????????????????????????????????????? | | ?????????????????????????????????????????????????? | | ?????????????????????????????????????????????????? | | ?????????????????????????????????????????????????? | | | | | | | | | +----------------------------------------------------+ Best States ------------- Heat Dissipation 28 Energy Generation 10 Energy Capacity 125 Matter Stores 300 Matter Capacity 300 Sight Range 16 Terrain Scan Density 85 Armor Coverage 225 Evasion (%) 55 Item Schematics ----------------- None Robot Schematics ------------------ None Fabricated ------------ Nothing Alien Tech Used ----------------- None Achievements -------------- None Challenges ------------ None Game ------ Seed SystemCoreBoomstick Manual? 0 Play Time 00:17:08 Cumulative 4.0 hours Start 2024.05.04 @ 18:00:46 End 2024.05.04 @ 18:15:52 Sessions 1 Manual Loads 0 Difficulty Rogue Special Mode None Game No. 9 Rogue 9 Adventurer 0 Explorer 0 Win Type - Total 0 Types 0/0/0/0/0/0/0/0/0 Lore% 10 Gallery% 7 Achievement% 9 Wizard Run 0 Options --------- Layout 1 ASCII 0 Keyboard 0 Movement Mouse Keybinds 0 Fullscreen 2 Font 24/Smallcaps Map View 50x35 Zoom Use 0% Tactical HUD 1 Map Filters NONE Filters NONE Steam 1 RUN: 7defa58f-cdd8-4e3d-9b3d-0f54f84c6202